cohdb
Replays
Latest Replays
All Replays
Popular Replays
Top Player Replays
Match Explorer
How It Works
Community
CoH3 Stats
Reddit
Sign in to upload your games and track your stats! →
Sign in with Steam
Low ladder 4vs4 with exciting moments
Match 43753749
Overview
Messages
Build Orders
End
Pioneer Squad
Construct Infanterie Kompanie
Selects Terror Battlegroup
Selects Machine Gun Camouflage
Grenadier Squad
MG 42 Machine Gun Team
MG 42 Machine Gun Team
Pioneer Squad
Construct Panzergrenadier Kompanie
Panzergrenadier Squad
Selects Contempt for the Weak
251 Medium Carrier
Panzergrenadier Squad
Support Elements
Selects Propaganda Leaflet Drop
Panzergrenadier Officer Quarters
Propaganda Leaflet Drop
StuG III G Assault Gun
StuG III G Assault Gun
Side Skirts
Construct Panzer Kompanie
Stoßtruppen Squad
Selects V1 Rocket Strike
Panzer IV Medium Tank
V1 Rocket Strike
Selects No Quarter
Panzer Officer Quarters
mentoss
momo
没有故事你随意
Newbie_19
InTheBliTz
Jqzeh
rng梦之泪伤
Ark
0
0
Comments
sign in to comment!
No comments posted yet!